 Dungeon Crawl Stone Soup version 0.27-a0-1196-g3e9cee4cb2 (webtiles) character file.

Game seed: 3590802684503439276

179177 Kold the Bludgeoner (level 17, 0/136 (147) HPs)
             Began as a Demonspawn Delver on May 27, 2021.
             Was the Champion of Ru.
             Slain by a wolf spider (7 damage)
             ... on level 2 of the Spider Nest.
             The game lasted 01:27:56 (47687 turns).

Kold the Bludgeoner (Demonspawn Delver)            Turns: 47687, Time: 01:27:56

HP:   0/136 (147)   AC: 17    Str: 20    XL:     17   Next: 60%
MP:   3/15          EV: 18    Int: 15    God:    Ru [******]
Gold: 2606          SH:  5    Dex: 20    Spells: 10/16 levels left

rFire    . . .     SeeInvis .   m - +8 demon whip (flame)
rCold    + + .     Faith    .   (shield unavailable)
rNeg     . . .     Spirit   .   v - +2 leather armour {rPois}
rPois    +         Reflect  +   s - +2 hat {Stlth+}
rElec    +         Harm     .   H - +2 cloak of Refuge {rC+ Str+7}
rCorr    .         Rampage  .   (no gloves)
Will     +....                  q - +2 pair of boots {Stlth+}
Stlth    +++++.....             U - amulet of reflection
HPRegen  0.32/turn              (ring unavailable)
MPRegen  0.14/turn              y - ring of protection from cold

@: studying 2 skills, drained
A: claws 2, thin metallic scales 3, demonic guardian 2, ignite blood 1, low mp
1, missing a hand, inability to train armour, no necromancy magic, no poison
magic, no transmutations magic, reduced EV 1, clever 1
a: Renounce Religion, Draw Out Power, Power Leap, Apocalypse


You were on level 2 of the Spider Nest.
You worshipped Ru.
Ru was exalted by your worship.
You visited 7 branches of the dungeon, and saw 30 of its levels.
You also visited: Bailey.

You collected 5801 gold pieces.
You spent 3195 gold pieces at shops.

Inventory:

Hand Weapons
 h - the +7 flail "Duijul" {freeze, rElec Will+ Int-3 Dex+3}
   (You bought it in a shop on level 2 of the Dungeon)

   It has been specially enchanted to freeze those struck by it, causing extra
   injury to most foes and up to half again as much damage against particularly
   susceptible opponents.
   It can also slow down cold-blooded creatures.
   It affects your intelligence (-3).
   It affects your dexterity (+3).
   It insulates you from electricity.
   It increases your willpower.
 m - a +8 demon whip of flaming (weapon)
 N - the +7 hand crossbow of Dissent {speed, Stlth+}
   (You took it off an orc on level 1 of the Orcish Mines)

   Attacks with this weapon are significantly faster.
   It makes you more stealthy.
Missiles
 D - 10 curare-tipped darts
 M - 5 atropa-tipped darts
Armour
 b - the +1 leather armour "Cigeg" {+Inv Str+3 Dex+2}
   (You bought it in a shop on level 9 of the Dungeon)

   It affects your strength (+3).
   It affects your dexterity (+2).
   It lets you turn invisible.
 q - a +2 pair of boots of stealth (worn)
 s - a +2 hat of stealth (worn)
 v - a +2 leather armour of poison resistance (worn)
 H - the +2 cloak of Refuge (worn) {rC+ Str+7}
   (You bought it in a shop on level 2 of the Orcish Mines)

   It affects your strength (+7).
   It protects you from cold.
 P - a +2 cloak of stealth
Jewellery
 f - a +6 ring of intelligence
 i - an amulet of guardian spirit
 n - a ring of magical power
 x - a ring of protection from fire
 y - a ring of protection from cold (right claw)
 C - a ring of positive energy
 J - an amulet of the acrobat
 R - a ring of positive energy
 S - a +6 ring of intelligence
 U - an amulet of reflection (around neck)
 X - a ring of flight
Wands
 g - a wand of digging (14)
 u - a wand of flame (69)
 B - a wand of polymorph (7)
 I - a wand of acid (7)
 V - a wand of iceblast (9)
Scrolls
 c - 4 scrolls of fog
 d - 5 scrolls of magic mapping
 p - 3 scrolls of enchant armour
 t - 17 scrolls of identify
 z - 3 scrolls of teleportation
 E - 5 scrolls of amnesia
 F - a scroll of brand weapon
 K - a scroll of silence
Potions
 a - 2 potions of flight
 e - 10 potions of curing
 r - 2 potions of haste
 w - a potion of ambrosia
 A - 4 potions of might
 G - 2 potions of brilliance
 L - a potion of mutation
 Q - a potion of invisibility
 T - a potion of magic
Miscellaneous
 O - a phantom mirror


   Skills:
 - Level 17.0 Fighting
 + Level 17.7 Maces & Flails
 + Level 15.8 Dodging
 - Level 5.0 Stealth
 + Level 1.7 Ice Magic
 - Level 5.0 Evocations


You had 10 spell levels left.
You knew the following spells:

 Your Spells              Type           Power      Damage    Failure   Level
a - Ozocubu's Armour      Ice            5%         N/A       43%         3
b - Frozen Ramparts       Ice            10%        1d3       43%         3

Your spell library contained the following spells:

 Spells                   Type           Power      Damage    Failure   Level
 Freeze                   Ice            20%        1d4       16%         1
 Apportation              Tloc           0%         N/A       32%         1
 Corona                   Hex            0%         N/A       32%         1
 Foxfire                  Conj/Fire      0%         2x1d4     32%         1
 Magic Dart               Conj           0%         1d3       32%         1
 Summon Small Mammal      Summ           0%         N/A       32%         1
 Blink                    Tloc           N/A        N/A       43%         2
 Call Imp                 Summ           0%         N/A       43%         2
 Searing Ray              Conj           0%         3d3       43%         2
 Slow                     Hex            0%         N/A       43%         2
 Call Canine Familiar     Summ           0%         N/A       67%         3
 Conjure Flame            Conj/Fire      0%         6-21      67%         3
 Dazzling Flash           Conj/Hex       0%         N/A       67%         3
 Inner Flame              Hex/Fire       0%         N/A       67%         3
 Summon Guardian Golem    Hex/Summ       0%         N/A       67%         3
 Hailstorm                Conj/Ice       2%         3d3       92%         4
 Summon Ice Beast         Ice/Summ       2%         N/A       92%         4
 Animate Armour           Summ/Erth      0%         N/A       97%         4
 Fulminant Prism          Conj/Hex       0%         3d6       97%         4
 Iskenderun's Mystic Bla  Conj/Tloc      0%         2d3       97%         4
 Leda's Liquefaction      Hex/Erth       0%         N/A       97%         4
 Sticky Flame             Conj/Fire      0%         2d3       97%         4
 Summon Lightning Spire   Summ/Air       0%         N/A       97%         4
 Metabolic Englaciation   Hex/Ice        1%         N/A       99%         5
 Bolt of Magma            Conj/Fire/Erth 0%         4d4       100%        5
 Fireball                 Conj/Fire      0%         3d3       100%        5
 Freezing Cloud           Conj/Ice/Air   0%         6-21      100%        6
 Iron Shot                Conj/Erth      0%         9d1       100%        6
 Shatter                  Erth           0%         3d5*      100%        9
 Animate Skeleton         Necr           Unusable   N/A       N/A         1
 Pain                     Necr           Unusable   1d4       N/A         1
 Sting                    Tmut/Pois      Unusable   1d3       N/A         1
 Poisonous Vapours        Pois/Air       Unusable   N/A       N/A         2
 Ignite Poison            Fire/Tmut/Pois Unusable   N/A       N/A         3
 Mephitic Cloud           Conj/Pois/Air  Unusable   N/A       N/A         3
 Vampiric Draining        Necr           Unusable   2d6       N/A         3
 Animate Dead             Necr           Unusable   N/A       N/A         4
 Olgreb's Toxic Radiance  Pois           Unusable   N/A       N/A         4
 Agony                    Necr           Unusable   N/A       N/A         5
 Borgnjor's Vile Clutch   Necr/Erth      Unusable   N/A       N/A         5
 Death Channel            Necr           Unusable   N/A       N/A         6
 Simulacrum               Ice/Necr       Unusable   N/A       N/A         6
 Statue Form              Tmut/Erth      Unusable   N/A       N/A         6

Dungeon Overview and Level Annotations

Branches:
Dungeon (15/15)            Temple (0/1) D:4            Lair (6/6) D:8
  Swamp (1/4) Lair:2       Spider (3/4) Lair:2        Slime (0/5) Lair:6
    Orc (2/2) D:9             Elf (2/3) Orc:2        Vaults (0/5) D:13
 Depths (1/5) D:15         Bailey (visited)

Altars:
Cheibriados
Dithmenos
Fedhas
Ru
Sif Muna
Uskayaw
Wu Jian
Yredelemnul
Jiyva

Shops:
D:2 (!   D:7 [   D:9 [:   D:10 [   D:12 *   Orc:1 ?   Orc:2 [(**

Portals:
Trove: D:10 (give 13 scrolls of teleportation)

Annotations:
D:12 2 runed translucent doors, st0uf's ghost, journeyman GrEE
Spider:3 Mara
Elf:2 5 runed translucent doors


Innate Abilities, Weirdness & Mutations

You have very sharp fingernails.
You are completely covered in thin metallic scales. (AC +4, rElec)
A demonic guardian rushes to your aid.
Your demonic aura sometimes causes spilled blood to erupt in flames.
Your magical capacity is low. (-10% MP)
You are missing a hand.
You cannot train Armour skill.
You cannot study or cast Necromancy magic.
You cannot study or cast Poison magic.
You cannot study or cast Transmutations magic.
You have somewhat slow reflexes. (EV -5)
Your mind is acute. (Int +2)


Message History

You whack the tarantella! You burn the tarantella.
The tarantella is almost dead.
You feel sick. The tarantella barely misses you.
You thrash the tarantella!! You burn the tarantella.
You kill the tarantella!
You feel sick.
You feel sick.
There is a stone staircase leading down here.
You feel sick.
You hear a loud "Zot"!
The power of Zot is invoked against you!
You feel sick.
You feel sick.
You are no longer poisoned.
Aiming: Throw Flame
Press: ? - help, Shift-Dir - straight line, f - wolf spider
Aim: a wolf spider (74% to hit)
The puff of flame hits the wolf spider!
The wolf spider is lightly wounded.
You feel less exhausted. The wolf spider closely misses you.
The wolf spider completely misses you.
You are too injured to fight recklessly!
You are too injured to fight recklessly!
You are too injured to fight recklessly!
You are too injured to fight recklessly!
You thrash the wolf spider!! You burn the wolf spider.
The wolf spider is heavily wounded.
You barely miss the wolf spider.
The wolf spider is heavily wounded.
The wolf spider hits you but does no damage.
The wolf spider bites you!
* * * LOW HITPOINT WARNING * * *
A demonic guardian appears!
You hit the wolf spider. You burn the wolf spider.
The wolf spider is severely wounded.
The wolf spider barely misses you. The wolf spider completely misses you.
You barely miss the wolf spider.
The wolf spider is severely wounded.
The wolf spider misses you. The wolf spider bites you!
You die...

...[.#..#..## ##......
............####....##
....................##
.....#.##...........#. ...
###.......<...... .
####..#.#........
#^....#####..#...
###......####.....
##@3...#.....#..... ..
#######s.....##..........
...#####...........####.........
......^#.........^..##.........#
.....^...>...##########........#
........†.....# #.........
.#...........^^# ##........
##..........### #..#.....
##...........# ######...


You could see a wolf spider (ally target) and a friendly soul eater (summoned).

Vanquished Creatures
  Jorgrun (Swamp:1)
  A lich (Depths:1)
  Gastronok (Lair:2)
  A thorn hunter (Lair:2)
  Frances (Lair:2)
  A fire giant (D:12)
  An orc warlord (Orc:2)
  A ghost moth (Lair:2)
  4 stone giants
  An ironbound preserver (D:13)
  3 entropy weavers
  Snorg (Lair:3)
  A deep elf death mage (Elf:1)
  An eleionoma (Swamp:1)
  2 ettins
  A deep elf high priest (Elf:1)
  5 boulder beetles
  3 ogre magi
  10 hydras
  6 centaur warriors
  A death knight (D:12)
  22 two-headed ogres
  2 alligators (Swamp:1)
  A catoblepas (Lair:6)
  8 dancing weapons
  4 death yaks
  An orc high priest (Elf:1)
  A vampire mage (D:15)
  2 tengu warriors (D:15)
  8 deep elf knights
  A fire crab (D:15)
  4 skeletal warriors
  A goliath frog (Lair:2)
  A spriggan druid (Swamp:1)
  2 deep trolls
  2 bog bodies (Swamp:1)
  3 deep elf archers (Elf:1)
  A lindwurm (Lair:6)
  18 deep elf pyromancers
  A necromancer (D:15)
  An orc knight (Bailey)
  10 wolf spiders
  12 deep elf zephyrmancers
  An orc sorcerer (Orc:1)
  2 oklob plants (Lair:6)
  2 manticores
  7 orb spiders
  10 ugly things
  11 elephants
  21 cyclopes
  2 fire giant skeletons (D:15)
  10 black mambas
  An ice statue (D:12)
  A guardian serpent (Lair:6)
  A frost giant skeleton (D:15)
  4 torpor snails (Lair:2)
  A cane toad (shapeshifter) (D:15)
  17 cane toads
  3 unseen horrors (D:12)
  2 gargoyles
  4 rime drakes
  10 komodo dragons
  A kobold demonologist (D:12)
  4 demonic crawlers
  An efreet (D:15)
  2 tengu conjurers
  16 trolls
  3 polar bears
  3 meliai (D:13)
  A tyrant leech (Swamp:1)
  15 jumping spiders
  A deep troll zombie (D:15)
  8 hornets
  A raiju (shapeshifter) (D:15)
  15 blink frogs
  11 slime creatures
  5 air elementals
  41 redbacks
  2 spriggans (Swamp:1)
  2 shadows
  A water elemental (Elf:1)
  14 tarantellas
  41 yaks
  10 wyverns
  6 basilisks
  4 wraiths
  A steam dragon (D:9)
  15 vampire mosquitoes
  5 wargs
  5 swamp worms
  2 acid dragons (D:14)
  2 swamp drakes
  24 water moccasins
  A black bear (D:6)
  2 ice beasts
  3 sky beasts
  30 orc warriors
  23 ogres
  11 wolves
  11 centaurs
  A phantom (D:5)
  Blork the orc (D:4)
  A kobold brigand (D:6)
  14 bullfrogs
  A wyvern zombie (D:5)
  4 scorpions
  10 electric eels
  7 howler monkeys
  A lava snake (Lair:1)
  8 centaur zombies
  2 jellies
  2 bullfrog zombies
  A bullfrog skeleton (D:7)
  5 hounds
  21 orc priests
  A centaur skeleton (D:5)
  3 iguanas
  23 orc wizards
  2 howler monkey zombies
  4 adders
  2 shadow imps (D:6)
  3 white imps
  2 adder skeletons (D:4)
  2 worms
  94 orcs
  3 ball pythons
  3 bats
  3 endoplasms
  3 giant cockroaches
  8 hobgoblins
  4 jackals (D:5)
  3 quokkas
  3 frilled lizards
  8 goblins
  A jackal skeleton (D:4)
  26 kobolds
  4 rats
890 creatures vanquished.

Vanquished Creatures (collateral kills)
  A two-headed ogre (D:12)
  A skeletal warrior (D:12)
  A deep elf archer (Elf:1)
  An oklob plant (Lair:6)
  An orc knight (Orc:2)
  A black mamba (Lair:3)
  A cane toad (Lair:6)
  A demonic crawler (Spider:1)
  5 yaks (Lair:6)
  A vampire mosquito (Lair:2)
  4 orc warriors
  An ogre (Orc:1)
  An electric eel (D:7)
  3 orc priests (Orc:1)
  3 orc wizards
  11 orcs
37 creatures vanquished.

Vanquished Creatures (others)
  A deep elf demonologist (Elf:1)
  A two-headed ogre (D:12)
  2 deep elf pyromancers (Elf:1)
  A gargoyle (D:12)
  A jumping spider (Spider:1)
  A bloated husk (Swamp:1)
  2 wyverns (Lair:6)
  A redback (Spider:1)
  A swamp worm (Swamp:1)
  A water moccasin (Lair:1)
  An orc wizard (Orc:1)
  34 fungi
  139 plants
  A withered plant (D:15)
187 creatures vanquished.

Grand Total: 1114 creatures vanquished

Notes
Turn   | Place    | Note
-------+----------+-------------------------------------------
     0 | D:5      | Kold the Demonspawn Delver began the quest for the Orb.
     0 | D:5      | Reached XP level 1. HP: 18/18 MP: 1/1
   258 | D:4      | Noticed Blork the orc
   261 | D:4      | Noticed an orc priest
   408 | D:5      | Gained mutation: You are partially covered in thin metallic
                  | scales. (AC +2) [demonic ancestry]
   408 | D:5      | Reached XP level 2. HP: 7/24 MP: 2/2
   636 | D:5      | Noticed an ice beast
   985 | D:2      | Found Sirex's Distillery.
   993 | D:2      | Bought a potion of curing for 30 gold pieces
   995 | D:2      | Found a snail-covered altar of Cheibriados.
   998 | D:2      | Found a faded altar of an unknown god.
  1094 | D:2      | Became a worshipper of Ru the Awakened
  1098 | D:2      | Gained mutation: You cannot study or cast Poison magic. [Ru
                  | sacrifice]
  1098 | D:2      | Gained mutation: You cannot study or cast Transmutations
                  | magic. [Ru sacrifice]
  1098 | D:2      | Gained mutation: You cannot study or cast Necromancy magic.
                  | [Ru sacrifice]
  1098 | D:2      | Reached * piety under Ru
  1345 | D:2      | Found Muwaud's Weapon Emporium.
  1408 | D:2      | Reached XP level 3. HP: 8/29 MP: 3/3
  1626 | D:1      | Reached skill level 5 in Stealth
  3333 | D:3      | Noticed a sky beast
  3379 | D:3      | Reached XP level 4. HP: 24/35 MP: 4/4
  3386 | D:3      | Killed a sky beast
  3387 | D:3      | Reached XP level 5. HP: 14/41 MP: 5/5
  4209 | D:3      | Identified a scroll of acquirement
  4268 | D:3      | Acquired 1212 gold pieces
  4310 | D:2      | Bought the +7 flail "Duijul" {freeze, rElec Will+ Int-3
                  | Dex+3} for 791 gold pieces
  4406 | D:4      | Found a staircase to the Ecumenical Temple.
  4420 | D:4      | Reached skill level 5 in Maces & Flails
  4437 | D:4      | Gained mutation: You cannot train Armour skill. [Ru
                  | sacrifice]
  4437 | D:4      | Reached ** piety under Ru
  4625 | D:4      | Gained mutation: You are mostly covered in thin metallic
                  | scales. (AC +3) [demonic ancestry]
  4625 | D:4      | Reached XP level 6. HP: 47/47 MP: 6/6
  5078 | D:4      | Killed Blork the orc
  5307 | D:5      | Killed an ice beast
  5308 | D:5      | Reached XP level 7. HP: 13/52 MP: 1/7
  6125 | D:5      | Gained mutation: A weak demonic guardian rushes to your
                  | aid. [demonic ancestry]
  6125 | D:5      | Reached XP level 8. HP: 47/58 MP: 8/8
  6803 | D:6      | Reached skill level 10 in Maces & Flails
  7241 | D:6      | Found a sacrificial altar of Ru.
  7243 | D:6      | Found a snail-covered altar of Cheibriados.
  7554 | D:7      | Noticed a two-headed ogre
  7673 | D:7      | Gained mutation: You are missing a hand. [Ru sacrifice]
  7673 | D:7      | Reached *** piety under Ru
  7673 | D:7      | Reached **** piety under Ru
  7673 | D:7      | Reached ***** piety under Ru
  7772 | D:7      | Noticed a hornet
  7773 | D:7      | Gained mutation: Your demonic aura sometimes causes spilled
                  | blood to erupt in flames. [demonic ancestry]
  7773 | D:7      | Reached XP level 9. HP: 63/63 MP: 9/9
  8009 | D:7      | Found Ykhaept's Antique Armour Boutique.
  8015 | D:7      | Bought a pair of gloves for 162 gold pieces
  8471 | D:7      | Killed a two-headed ogre
  9644 | D:8      | Noticed a two-headed ogre
  9654 | D:8      | Killed a two-headed ogre
  9655 | D:8      | Reached XP level 10. HP: 50/70 MP: 7/10
  9932 | D:8      | Found a staircase to the Lair.
 10229 | D:8      | Found a shadowy altar of Dithmenos.
 10358 | D:8      | Acquired a +2 hat of stealth
 10488 | D:9      | Gained mutation: Your magical capacity is low. (-10% MP)
                  | [Ru sacrifice]
 10611 | D:9      | Noticed a two-headed ogre
 10620 | D:9      | Killed a two-headed ogre
 10634 | D:9      | Found Lomisal's Book Emporium.
 10641 | D:9      | Found a flagged portal.
 10714 | Bailey   | Entered a bailey
 10773 | Bailey   | Found a burning altar of Makhleb.
 10773 | Bailey   | Noticed an orc knight
 10798 | Bailey   | Killed an orc knight
 11418 | D:9      | Found a staircase to the Orcish Mines.
 11422 | D:9      | Noticed a two-headed ogre
 11642 | D:9      | Found Amnuun's Antique Armour Shop.
 11699 | D:9      | Killed a two-headed ogre
 11810 | D:9      | Reached skill level 5 in Fighting
 12160 | D:9      | Bought an ancient leather armour for 175 gold pieces
 12160 | D:9      | Identified the +1 leather armour "Cigeg" {+Inv Str+3 Dex+2}
                  | (You bought it in a shop on level 9 of the Dungeon)
 12170 | D:9      | Bought a pair of glowing boots for 187 gold pieces
 12170 | D:9      | Bought a scorched ring mail for 225 gold pieces
 12170 | D:9      | Identified the +2 ring mail of Durable Miracles {Will+
                  | Int+4} (You bought it in a shop on level 9 of the Dungeon)
 12243 | D:10     | Entered Level 10 of the Dungeon
 12421 | D:10     | Gained mutation: You have sharp fingernails. [demonic
                  | ancestry]
 12421 | D:10     | Reached XP level 11. HP: 80/80 MP: 8/9
 12610 | D:10     | Found Kiv Suamp's Antique Armour Emporium.
 12625 | D:10     | Bought an embroidered cloak for 180 gold pieces
 12837 | D:10     | Found a portal to a secret trove of treasure.
 13044 | D:10     | Found a shimmering blue altar of Sif Muna.
 13399 | D:11     | Reached skill level 5 in Dodging
 13543 | Lair:1   | Entered Level 1 of the Lair of Beasts
 14445 | Lair:2   | Noticed Gastronok
 14462 | Lair:2   | Killed Gastronok
 14506 | Lair:2   | Noticed a death yak
 14521 | Lair:2   | Noticed a death yak
 14521 | Lair:2   | Noticed a death yak
 15149 | Lair:2   | Gained mutation: A demonic guardian rushes to your aid.
                  | [demonic ancestry]
 15149 | Lair:2   | Reached XP level 12. HP: 64/94 MP: 6/10
 15425 | Lair:2   | Found a hole to the Spider Nest.
 15434 | Lair:2   | Noticed a death yak
 15577 | Lair:2   | Found a snail-covered altar of Cheibriados.
 15747 | Lair:1   | Killed a death yak
 15841 | Lair:1   | Killed a death yak
 16121 | Lair:1   | Killed a death yak
 16132 | Lair:2   | Killed a death yak
 16263 | Lair:2   | Found a staircase to the Swamp.
 16288 | Lair:2   | Reached skill level 10 in Fighting
 17076 | Lair:3   | Noticed Snorg
 17098 | Lair:3   | Killed Snorg
 17737 | Lair:3   | Reached skill level 10 in Dodging
 17961 | Lair:3   | Found a hide-covered altar of Uskayaw.
 17961 | Lair:3   | Found an ornate altar of the Wu Jian Council.
 17961 | Lair:3   | Noticed a boulder beetle
 17987 | Lair:3   | Killed a boulder beetle
 18700 | Lair:3   | Reached XP level 13. HP: 95/106 MP: 9/11
 20887 | Lair:6   | Entered Level 6 of the Lair of Beasts
 21984 | Lair:6   | Reached XP level 14. HP: 84/112 MP: 12/12
 22127 | Lair:6   | Gained mutation: You have somewhat slow reflexes. (EV -5)
                  | [Ru sacrifice]
 22127 | Lair:6   | Reached ****** piety under Ru
 22860 | Lair:6   | HP: 3/118 [acid (9)]
 23186 | Lair:6   | Found a staircase to the Slime Pits.
 23186 | Lair:6   | Found a viscous altar of Jiyva.
 23586 | Orc:1    | Entered Level 1 of the Orcish Mines
 23813 | Orc:1    | Found Othresom's Magic Scroll Emporium.
 23851 | Orc:1    | Bought a scroll of summoning for 133 gold pieces
 23851 | Orc:1    | Bought a scroll of enchant weapon for 105 gold pieces
 23931 | Orc:1    | Reached skill level 15 in Maces & Flails
 25517 | Orc:1    | Identified the +5 battleaxe of Hacking and Slashing {holy,
                  | rPois rF+ rCorr}
 25517 | Orc:1    | Identified the +7 hand crossbow of Dissent {speed, Stlth+}
 25524 | Orc:1    | Noticed a stone giant
 25556 | Orc:1    | Killed a stone giant
 26134 | Orc:2    | Entered Level 2 of the Orcish Mines
 26141 | Orc:2    | Noticed a stone giant
 26210 | Orc:2    | Noticed an orc warlord
 26233 | Orc:2    | Found a staircase to the Elven Halls.
 26233 | Orc:2    | Paralysed by an ogre mage for 6 turns
 27081 | D:11     | You fall into a shaft and drop 1 floor!
 27191 | D:12     | Found a runed translucent door.
 27193 | D:12     | Noticed a fire giant
 27196 | D:12     | Noticed a lich
 27197 | D:12     | Noticed st0uf's ghost (journeyman GrEE)
 27201 | D:12     | Found a runed translucent door.
 27218 | D:12     | Found Bosynt's General Store.
 27230 | D:12     | Bought 2 scrolls of enchant weapon for 225 gold pieces
 28719 | D:12     | Gained mutation: You have very sharp fingernails. [demonic
                  | ancestry]
 28719 | D:12     | Reached XP level 15. HP: 113/125 MP: 13/13
 29210 | D:12     | Identified the +5 long sword of Precise Incision {vorpal,
                  | Int+2 Dex+3}
 29757 | D:12     | Identified the amulet "Tifuud" {rF+ rN+ Will- Regen+}
 29868 | D:12     | Noticed a fire giant
 29885 | D:12     | Killed a fire giant
 30732 | D:13     | Found a gate to the Vaults.
 31542 | D:14     | You fall into a shaft and drop 1 floor!
 31542 | D:15     | Entered Level 15 of the Dungeon
 31590 | D:15     | Reached skill level 15 in Fighting
 31976 | D:15     | Found a basalt altar of Yredelemnul.
 32838 | D:15     | Paralysed by an ogre mage for 2 turns
 33089 | D:15     | Found a staircase to the Depths.
 33601 | D:15     | Found a blossoming altar of Fedhas.
 34156 | D:15     | Reached skill level 1 in Evocations
 34351 | Depths:1 | Entered Level 1 of the Depths
 34390 | Depths:1 | Reached XP level 16. HP: 100/136 MP: 10/14
 34552 | Depths:1 | Noticed a lich
 34564 | Depths:1 | Noticed a sphinx
 34570 | Depths:1 | Killed a lich
 35208 | Swamp:1  | Entered Level 1 of the Swamp
 35210 | Swamp:1  | Noticed a thorn hunter
 35248 | Lair:2   | Killed a thorn hunter
 35623 | Spider:1 | Entered Level 1 of the Spider Nest
 35623 | Spider:1 | Noticed Frances
 35643 | Lair:2   | Gained mutation: Your mind is acute. (Int +2) [a neqoxec]
 35666 | Lair:3   | HP: 4/128 [burnt (3)]
 36085 | Lair:2   | Killed Frances
 36354 | Orc:1    | Bought a scroll of brand weapon for 280 gold pieces
 37241 | Swamp:1  | Noticed Jorgrun
 37255 | Swamp:1  | Killed Jorgrun
 37364 | Swamp:1  | Noticed a thorn hunter
 37763 | Orc:2    | Reached skill level 5 in Evocations
 38146 | Orc:2    | Found Maehom's Antique Armour Boutique.
 38175 | Orc:2    | Found Rovvani's Assorted Antiques.
 38256 | Orc:2    | Found Olaog's Assorted Antiques.
 38623 | Orc:2    | Bought a faintly glowing cloak for 342 gold pieces
 38623 | Orc:2    | Identified the +2 cloak of Refuge {rC+ Str+7} (You bought
                  | it in a shop on level 2 of the Orcish Mines)
 38623 | Orc:2    | Bought a potion of heal wounds for 180 gold pieces
 38623 | Orc:2    | Bought a scratched opal ring for 180 gold pieces
 38650 | Orc:2    | Found Joum's Weapon Shop.
 39123 | Elf:1    | Entered Level 1 of the Elven Halls
 40170 | Orc:2    | Reached skill level 15 in Dodging
 41973 | Elf:1    | Gained mutation: You are completely covered in thin
                  | metallic scales. (AC +4, rElec) [demonic ancestry]
 41973 | Elf:1    | Reached XP level 17. HP: 73/136 MP: 9/15
 43288 | Elf:2    | Found a huge runed translucent gate.
 43288 | Elf:2    | Found a huge runed translucent gate.
 43289 | Elf:2    | Found a huge runed translucent gate.
 43290 | Elf:2    | Found a huge runed translucent gate.
 43291 | Elf:2    | Found a huge runed translucent gate.
 43964 | Lair:2   | HP: 4/133 [poisoned by a redback]
 45097 | Spider:1 | Paralysed by a hornet for 2 turns
 45498 | Spider:1 | Identified the +8 dagger "Esid" {flame, Will++ Dex+2}
 47145 | Spider:1 | Learned a level 3 spell: Ozocubu's Armour
 47149 | Spider:1 | Learned a level 3 spell: Frozen Ramparts
 47614 | Spider:2 | You fall into a shaft and drop 1 floor!
 47635 | Spider:3 | Reached skill level 1 in Ice Magic
 47660 | Spider:3 | Noticed Mara
 47665 | Spider:2 | HP: 4/135 [poisoned by a redback]
 47687 | Spider:2 | Slain by a wolf spider

Illustrated notes

Levels and vault maps discovered:
D:1:      giann_horns, layout_basic, st_stairs_13
D:2:      layout_basic, basic_ecumenical_altar, basic_altar, serial_shops, shop,
          shop
D:3:      layout_rooms
D:4:      layout_cave_pools, minmay_temple_entry_overgrown, serial_column_ruins,
          column_ruins_columns_corner, column_ruins_open_medium,
          column_ruins_grid_4, column_ruins_grid_4, minmay_goblin_outpost,
          uniq_blork_the_orc
D:5:      layout_gridville, minmay_manual_mullet
D:6:      layout_cave_pods, nicolae_overflow_hidden_temple
D:7:      layout_basic, serial_shops, shop, serial_bayou, serial_bayou_lake_a,
          serial_bayou_pond_c, serial_bayou_crossing, serial_bayou_pond_b,
          grunt_decor_arrowhead, corexii_item_surrounded_by_moat
D:8:      layout_cave_pods, kennysheep_little_box, david_lair_shrubbed,
          hangedman_decor_peaks_small
D:9:      layout_roguey, erik_orc_1, serial_shops, nicolae_shop_statue_plus,
          nicolae_shop_crystal, enter_bailey_2
D:10:     layout_loops_ring, tgw_sif, serial_shops, shop,
          nicolae_trove_entry_crystal
D:11:     layout_stronghold, serial_bayou, serial_bayou_pond_e,
          serial_bayou_pond_e, serial_bayou_ford_a, serial_bayou_pond_d
D:12:     layout_roguey, muffindrake_ghost_dual_entry, serial_shops,
          nicolae_shop_stone, nzn_random_ring
D:13:     layout_rooms, skrybe_vaults_entry_preservation, kb_rosetta
D:14:     layout_cave_pools, minmay_staircase_windowed_large
D:15:     gammafunk_depths_entry_grave, layout_irregular_city, fedhas_altar_2,
          yredelemnul_altar_generic
Lair:1:   layout_gridlike
Lair:2:   layout_cave_pods, minmay_swamp_entry_worms, spider_nest_entry_webs,
          kennysheep_snail_temple, uniq_gastronok
Lair:3:   layout_gridlike, chequers_serial_rivers_large_b,
          nzn_masters_of_martial_movement, uniq_snorg
Lair:4:   layout_loops_ring, grunt_megastairs_3
Lair:5:   layout_cave_pods, nicolae_quartered_pool_little,
          chequers_serial_rivers_micro_d, lemuel_old_faithful,
          infiniplex_staircase_pool_2
Lair:6:   hangedman_lair_tendril_chambers, layout_hall_layers, slime_altar_1,
          minmay_lair_oklob_chamber, serial_bayou_shore_b
Swamp:1:  layout_basic_swamp, evilmike_swamp_ruin_house_2, uniq_jorgrun
Spider:1: layout_spider_delve, nicolae_spider_claw_tunnel, uniq_frances
Spider:2: layout_spider_delve, nicolae_spider_shape
Spider:3: layout_spider_delve, uniq_mara
Orc:1:    giant_chief_lemuel, layout_caves, serial_shops, shop
Orc:2:    st_orc_open, layout_caves
Elf:1:    layout_geoelf_grid, hangedman_elf_represent, grunt_ministairs_13,
          chequers_big_river
Elf:2:    layout_geoelf_octagon, serial_shops, shop_statue,
          ebering_ghost_reflecting_pool
Depths:1: nzn_winding_woodlands_stair_cross [nzn_winding_woodlands_5x15_pockets,
          nzn_winding_woodlands_center_triple_pond,
          nzn_winding_woodlands_5x15_concentric,
          nzn_winding_woodlands_5x5_perimeter, nzn_winding_woodlands_5x5_three,
          nzn_winding_woodlands_5x15_crooked,
          nzn_winding_woodlands_center_lodge, nzn_winding_woodlands_5x15_eye],
          layout_basic, grunt_metal_band, kiku_gazebo_garden_becter,
          nicolae_abyss_entry_one_way_or_another, grunt_dithmenos_smoke,
          serial_bayou_shore_b

Skill      XL: |  1  2  3  4  5  6  7  8  9 10 11 12 13 14 15 16 17 |
---------------+----------------------------------------------------+-----
Maces & Flails | 2 3 4 5 6 8 10 12 14 15 16 17 | 17.7
Dodging        | 2 4 7 10 11 13 14 15 | 15.8
Stealth        | 5 |  5.0
Fighting       | 5 8 11 13 14 15 16 17 | 17.0
Evocations     | 1 5 |  5.0
Ice Magic      | 1 |  1.7

Action                   |  1- 3 |  4- 6 |  7- 9 | 10-12 | 13-15 | 16-18 || total
-------------------------+-------+-------+-------+-------+-------+-------++-------
Melee: Mace              |   204 |    45 |       |       |       |       ||   249
       Flail             |       |    64 |   217 |   589 |   705 |       ||  1575
       Demon whip        |       |       |       |       |   612 |   864 ||  1476
Throw: Dart              |       |       |       |     1 |       |       ||     1
 Cast: Ozocubu's Armour  |       |       |       |       |       |     1 ||     1
Invok: Sacrifice Arcana  |     1 |       |       |       |       |       ||     1
       Sacrifice Durabil |       |     1 |       |       |       |       ||     1
       Sacrifice a Hand  |       |       |     1 |       |       |       ||     1
       Power Leap        |       |       |       |     1 |     8 |     4 ||    13
       Draw Out Power    |       |       |       |     1 |     8 |     8 ||    17
       Sacrifice Essence |       |       |       |     1 |       |       ||     1
       Reject Sacrifices |       |       |       |     1 |       |       ||     1
       Apocalypse        |       |       |       |     1 |     2 |     4 ||     7
       Sacrifice Health  |       |       |       |       |     1 |       ||     1
Evoke: Wand              |       |     1 |     2 |    16 |       |     1 ||    20
       Phantom mirror    |       |       |       |       |     1 |     1 ||     2
  Use: Scroll            |     6 |     4 |     3 |     2 |    12 |     9 ||    36
       Potion            |     6 |     1 |     1 |     6 |     1 |    10 ||    25
 Stab: Sleeping          |     5 |     7 |    12 |    15 |    35 |     7 ||    81
       Distracted        |       |     2 |     2 |     9 |    13 |    10 ||    36
       Invisible         |       |     1 |       |     7 |    17 |    28 ||    53
       Paralysed         |       |       |     2 |    11 |    11 |    12 ||    36
Armor: Leather armour    |   125 |    33 |    73 |   154 |   310 |   235 ||   930
       Skin              |       |       |       |     1 |       |       ||     1
Dodge: Dodged            |   197 |    66 |   108 |   291 |   708 |   581 ||  1951
Block: Other             |       |       |       |       |       |    95 ||    95

Table legend: (Time is in decaauts)
 A = Elapsed time spent in this place.
 B = Non-inter-level travel time spent in this place.
 C = Inter-level travel time spent in this place.
 D = Time resting spent in this place.
 E = Time spent auto-exploring this place.
 F = Levels seen in this place.
 G = Mean time per level.
                   A        B        C        D        E       F      G
               +--------+--------+--------+--------+--------+-----+--------+
         Total |  47050 |  44369 |   2681 |  16418 |  20249 |  31 | 1517.7 |
       Dungeon |  22141 |  20584 |   1557 |   5858 |  11050 |  15 | 1476.1 |
          Lair |  12047 |  11451 |    596 |   4511 |   5248 |   6 | 2007.8 |
         Swamp |    647 |    610 |     37 |    203 |    252 |   1 |  647.0 |
   Spider Nest |   2851 |   2783 |     68 |   1254 |   1005 |   3 |  950.3 |
  Orcish Mines |   5682 |   5346 |    336 |   3042 |   1486 |   2 | 2841.0 |
   Elven Halls |   3087 |   3018 |     69 |   1394 |   1033 |   2 | 1543.5 |
        Depths |    220 |    204 |     16 |      0 |    149 |   1 |  220.0 |
        Bailey |    371 |    371 |      0 |    155 |     25 |   1 |  371.0 |
               +--------+--------+--------+--------+--------+-----+--------+

Top non-repeatable levels by time:
   Orc:1: 3724 daAuts
  Lair:2: 3231 daAuts
  Lair:3: 2658 daAuts
    D:15: 2451 daAuts
    D:12: 2374 daAuts
   Elf:1: 2341 daAuts
     D:7: 2272 daAuts
  Lair:6: 2143 daAuts
     D:9: 2085 daAuts
Spider:1: 2027 daAuts
   Orc:2: 1958 daAuts
     D:5: 1774 daAuts
  Lair:1: 1745 daAuts
  Lair:5: 1478 daAuts
     D:2: 1353 daAuts
